 Dungeon Crawl Stone Soup version 0.30.1-11-g7821555f0a (webtiles) character file.

Game seed: 2324300242846365089

7 Peloso the Covered (level 1, -1/20 HPs)
             Began as a Minotaur Fighter on Nov 10, 2023.
             Slain by a gnoll
             ... wielding a +0 whip
              (3 damage)
             ... on level 2 of the Dungeon.
             The game lasted 00:00:24 (236 turns).

Peloso the Covered (Minotaur Fighter)                Turns: 236, Time: 00:00:25

Health: -1/20      AC:  7    Str: 20    XL:     1   Next: 83%
Magic:  0/0        EV:  9    Int:  5    God:
Gold:   16         SH:  4    Dex:  9    Spells: 0/0 levels left

rFire   . . .        a - +0 long sword
rCold   . . .        c - +0 buckler
rNeg    . . .        b - +0 scale mail
rPois   .            (helmet restricted)
rElec   .            (no cloak)
rCorr   .            (no gloves)
SInv    .            (no boots)
Will    .....        (no amulet) Stlth
                     (no ring)
HPRegen 0.23/turn    (no ring)
MPRegen 0.07/turn

%: no passive effects
@: no status effects
A: horns 2, retaliatory headbutt
a: no special abilities


You were on level 2 of the Dungeon.
You visited 1 branch of the dungeon, and saw 2 of its levels.

You collected 16 gold pieces.

Inventory:

Hand Weapons
 a - a +0 long sword (weapon)
Armour
 b - a +0 scale mail (worn)
 c - a +0 buckler (worn)
Scrolls
 e - a scroll of noise {unknown}
Potions
 d - a potion of might
 f - a potion of heal wounds {unknown}
 g - a potion of curing {unknown}


   Skills:
 + Level 3.7 Fighting
 + Level 2.4 Long Blades
 + Level 3.9 Armour
 + Level 0.2 Dodging
 + Level 3.8 Shields


You couldn't memorise any spells.
You didn't know any spells.
Your spell library contained the following spells:

 Spells                   Type           Power      Damage    Failure   Level
 Hailstorm                Conj/Ice       0%         3d3       99%         3
 Ice Form                 Ice/Tmut       0%         N/A       100%        4
 Simulacrum               Ice/Necr       0%         N/A       100%        6


Dungeon Overview and Level Annotations

Branches:
Dungeon (1/15)

Altars:


Innate Abilities, Weirdness & Mutations

You have a pair of horns on your head.
You reflexively headbutt those who attack you in melee.


Message History

An endoplasm is nearby!
An endoplasm is nearby!
The endoplasm closely misses you.
You hit the endoplasm but do no damage. The endoplasm barely misses you.
You hit the endoplasm but do no damage. You headbutt the endoplasm.
You kill the endoplasm!
A sourceless malevolence fills the Dungeon...
You fall into a shaft and drop 1 floor!
The shaft crumbles and collapses.
Found a whip.
g - a bubbling yellow potion A gnoll comes into view.
It is wielding a +0 whip.
Found a scroll labelled FUUPNI ELUQER.
The gnoll shouts!
You hear a shout! x3
A gnoll comes into view. It is wielding a +0 halberd.
A gnoll comes into view. It is wielding a +0 spear.
There are monsters nearby!
There are monsters nearby!
You hit the gnoll.
The gnoll is heavily wounded.
The gnoll hits you with a +0 whip. You block the gnoll's attack.
The gnoll hits you with a +0 spear. The gnoll attacks as you move away!
The gnoll barely misses you. The gnoll hits you with a +0 halberd!
Ouch! That really hurt!
* * * LOW HITPOINT WARNING * * *
The gnoll hits you but does no damage. The gnoll barely misses you.
The gnoll attacks as you move away! The gnoll hits you with a +0 whip.
* * * LOW HITPOINT WARNING * * *
Found a scale mail.
A bat comes into view.
Found 8 gold pieces.
You block the bat's attack. The bat attacks as you move away!
The bat barely misses you. You furiously retaliate!
You headbutt the bat.
You kill the bat!
The gnoll hits you from afar with a +0 halberd.
* * * LOW HITPOINT WARNING * * *
Found a kite shield.
The gnoll hits you with a +0 whip.
You die...

## $.
[#.###########.#
.......@...†...#
##......g.g.####
##########g# #.#
#.# #.# ###.#
..#.# #.#.#


You could see 3 gnolls.

Vanquished Creatures
  2 endoplasms (D:1)
  A goblin (D:1)
  A bat (D:2)
  2 frilled lizards (D:1)
  A rat (D:1)
7 creatures vanquished.

Notes
Turn   | Place    | Note
-------+----------+-------------------------------------------
     0 | D:1      | Peloso the Minotaur Fighter began the quest for the Orb.
     0 | D:1      | Reached XP level 1. HP: 19/19 MP: 0/0
   191 | D:1      | You fall into a shaft and drop 1 floor!
   226 | D:2      | HP: 1/20 [gnoll/+0 whip (2)]
   234 | D:2      | HP: 1/20 [gnoll/+0 halberd (2)]
   236 | D:2      | Slain by a gnoll

Illustrated notes

Levels and vault maps discovered:
D:1:      sevenhm_arrival_forest_fort_large_4, layout_loops_ring,
          minmay_pentomino_v4
D:2:      layout_loops_ring, minmay_misc_feat_x, minmay_rat_hole

Action                     || total
---------------------------++-------
  Melee: Long sword        ||     8
         Headbutt          ||     1
 Armour: Scale mail        ||     2
  Dodge: Dodged            ||     9
  Block: Buckler           ||     2
